 Dungeon Crawl Stone Soup version 0.31-a0-267-g3fc6992b3b (webtiles) character file.

Game seed: 3018473759521537839

115 qw the Shooter (level 5, -7/30 HPs)
             Began as a Gargoyle Hexslinger on July 13, 2023.
             Killed by divine providence
             ... invoked by an orc priest
              (10 damage)
             ... on level 3 of the Dungeon.
             The game lasted 00:00:43 (1842 turns).

qw the Shooter (Gargoyle Hexslinger)                Turns: 1842, Time: 00:00:43

Health: -7/30      AC: 11    Str: 11    XL:     5   Next: 0%
Magic:  6/6        EV: 10    Int: 14    God:
Gold:   90         SH:  0    Dex: 14    Spells: 5/6 levels left

rFire   . . .        Y - +1 sling
rCold   . . .        (no shield)
rNeg    + . .        a - +0 ring mail
rPois   inf          (no helmet)
rElec   +            (no cloak)
rCorr   .            e - +0 pair of gloves
SInv    .            g - +0 pair of boots
Will    .....        (no amulet)
Stlth   +            (no ring)
HPRegen 0.25/turn    (no ring)
MPRegen 0.10/turn

%: no passive effects
@: no status effects
A: sickness immunity, AC +4, negative energy resistance 1, electricity
resistance, torment resistance 1, petrification resistance
a: no special abilities


You were on level 3 of the Dungeon.
You visited 1 branch of the dungeon, and saw 3 of its levels.

You collected 90 gold pieces.


Innate Abilities, Weirdness & Mutations

You are immune to sickness and miasma.
Your stone body is resilient. (AC +4)
You are immune to poison.
You resist negative energy. (rN+)
You are resistant to electric shocks. (rElec)
You are resistant to unholy torment.
You are immune to petrification.


   Skills:
 - Level 2.0 Fighting
 + Level 4.5 Ranged Weapons
 - Level 1.0 Armour
 - Level 1.5 Dodging
 - Level 1.0 Spellcasting
 - Level 2.6 Hexes


You had 5 spell levels left.
You knew the following spells:

 Your Spells              Type           Power      Damage    Failure   Level
a - Slow                  Hex            32%        N/A       21%         1

Your spell library contained the following spells:

 Spells                   Type           Power      Damage    Failure   Level
 Inner Flame              Hex/Fire       4%         N/A       71%         3
 Portal Projectile        Hex/Tloc       8%         N/A       71%         3
 Cause Fear               Hex            4%         N/A       90%         4

Inventory:

Hand Weapons
 Y - a +1 sling (weapon)
Armour
 a - a +0 ring mail (worn)
 e - a +0 pair of gloves (worn)
 g - a +0 pair of boots (worn)
Jewellery
 c - a ring of fire
Potions
 d - a potion of magic {unknown}
 f - 2 potions of curing
 h - a potion of brilliance {unknown}
 i - a potion of berserk rage {unknown}

Dungeon Overview and Level Annotations

Branches:
Dungeon (3/15)

Altars:


Message History

The orc priest hits you but does no damage.
The orc barely misses you.
You shoot a sling bullet. The sling bullet hits the orc priest.
The orc priest is almost dead.
The orc hits you but does no damage. x2; The orc priest barely misses you.
You shoot a sling bullet.
The sling bullet hits the orc priest but does no damage.
The orc priest is almost dead.
The orc hits you but does no damage. The orc hits you with a +0 hand axe.
The orc priest hits you but does no damage.
The orc hits you but does no damage. The orc priest closely misses you.
The orc barely misses you.
You shoot a sling bullet.
The sling bullet barely misses the orc priest.
The orc hits you but does no damage.
The orc priest hits you but does no damage.
The orc hits you but does no damage.
You shoot a sling bullet. The sling bullet hits the orc priest.
The orc priest is almost dead.
The orc hits you but does no damage. The orc barely misses you.
The orc priest hits you with a +0 dagger.
You shoot a sling bullet.
The sling bullet barely misses the orc priest.
The orc hits you but does no damage. x2
The orc priest casts a cantrip, but nothing happens.
The orc hits you but does no damage.
The orc priest hits you but does no damage.
The orc barely misses you.
You shoot a sling bullet.
The sling bullet hits the orc priest but does no damage.
The orc priest is almost dead.
The orc completely misses you. The orc priest completely misses you.
The orc closely misses you.
You shoot a sling bullet.
The sling bullet hits the orc priest but does no damage.
The orc priest is almost dead.
The orc hits you but does no damage. x2
The orc priest calls down the wrath of Beogh upon you.
Beogh smites you!
You die...

#..#####.#...### #.##
#.....# ###.# #...#.#
######...# #...#.#
#......>## #....#.#
#.#####.###|......#.#
##.....# #....
#..##### #@o#
......oo)#
.........).
####........#
#........# .........#
...........
###........##


You could see an orc priest and 2 orcs.

Vanquished Creatures
  An orc priest (D:3)
  2 adders
  3 dart slugs
  8 orcs (D:3)
  3 bats
  3 endoplasms (D:1)
  5 goblins
  3 hobgoblins (D:1)
  4 jackals (D:2)
  3 quokkas
  5 ball pythons
  9 frilled lizards
  A kobold (D:2)
  6 rats
56 creatures vanquished.

Notes
Turn   | Place    | Note
-------+----------+-------------------------------------------
     0 | D:1      | qw the Gargoyle Hexslinger began the quest for the Orb.
     0 | D:1      | Reached XP level 1. HP: 12/12 MP: 2/2
     0 | D:1      | 0 ||| qw: Version: 0.3-a-52-g30416fa
     0 | D:1      | 0 ||| qw: Game counter: 7666
     0 | D:1      | 0 ||| qw: Melee chars always use a shield: true
     0 | D:1      | 0 ||| qw: God list: Okawaru
     0 | D:1      | 0 ||| qw: Allow faded altars: false
     0 | D:1      | 0 ||| qw: Do Orc after clearing Dungeon:15 true
     0 | D:1      | 0 ||| qw: Do second Lair branch before Depths: true
     0 | D:1      | 0 ||| qw: Lair rune preference: random
     0 | D:1      | 0 ||| qw: Goals: Normal
     0 | D:1      | 0 ||| PLANNING D:1-11
   103 | D:1      | 103 ||| DROPPING scroll of poison.
   114 | D:1      | Reached XP level 2. HP: 12/16 MP: 3/3
   147 | D:1      | Found a faded altar of an unknown god.
   232 | D:1      | Reached skill level 3 in Ranged Weapons
   306 | D:1      | 306 ||| UPGRADING to +0 pair of gloves.
   600 | D:1      | 600 ||| UPGRADING to +0 pair of boots.
   788 | D:1      | Reached XP level 3. HP: 21/21 MP: 4/4
   884 | D:1      | 884 ||| READING scroll labelled USTUNN SANIYTO.
   885 | D:1      | 885 ||| DRINKING 2 inky potions.
  1547 | D:2      | 1547 ||| UPGRADING to +0 ring mail.
  1557 | D:2      | 1557 ||| DROPPING +0 robe.
  1558 | D:2      | 1558 ||| DRINKING 3 viscous black potions.
  1578 | D:3      | Reached skill level 1 in Armour
  1578 | D:3      | Reached XP level 4. HP: 26/26 MP: 5/5
  1596 | D:3      | Reached skill level 4 in Ranged Weapons
  1722 | D:3      | HP: 4/26 [orc/+2 hand axe of holy wrath (4)]
  1723 | D:3      | 1723 ||| DRINKING potion of heal wounds.
  1830 | D:3      | Reached XP level 5. HP: 20/30 MP: 6/6
  1837 | D:3      | HP: 4/30 [orc/+0 hand axe (5)]
  1842 | D:3      | Killed from afar by an orc priest

Levels and vault maps discovered:
D:1:      eino_arrival_tree_alley, layout_rooms,
          shapermc_ecumenical_altar_flowoftime, serial_co_window_serial,
          co_window_paths_a, co_window_paths_a, co_window_paths_a,
          co_window_corner_a, co_window_paths_b, co_window_cross_4,
          co_window_broadway_c, co_window_corner_b, co_window_broadway_c,
          co_window_2corner, co_window_paths_e, co_window_paths_d,
          glass_columns_c, glass_columns_a, glass_columns_b, glass_columns_a
D:2:      layout_basic, minmay_lizard_king
D:3:      layout_rooms, grunt_decor_cap, minmay_statues_item,
          uniq_crazy_yiuf_cottage

Skill      XL: |  1  2  3  4 |
---------------+-------------+-----
Ranged Weapons | 3 4 |  4.5
Fighting       | 2 |  2.0
Armour         | 1 |  1.0
Dodging        | |  1.5
Spellcasting   | |  1.0
Hexes          | |  2.6

Action                     |  1- 3 |  4- 6 || total
---------------------------+-------+-------++-------
   Fire: Sling             |   106 |    69 ||   175
    Use: Potion            |     2 |     1 ||     3
         Scroll            |     1 |       ||     1
 Armour: Robe              |    11 |       ||    11
         Ring mail         |     3 |    53 ||    56
  Dodge: Dodged            |    37 |    65 ||   102

Table legend:
 A = Non-vault XP
 B = Vault XP
 C = Vault XP percentage of total XP
 D = Non-vault monster count
 E = Vault monster count
 F = Vault count percentage of total count
                 A         B        C        D         E       F
            +---------+---------+-------+---------+---------+-------
      Total |     159 |       6 |   3.6 |      50 |       6 |  10.7
            +---------+---------+-------+---------+---------+-------
        D:1 |      35 |       0 |   0.0 |      19 |       0 |   0.0
        D:2 |      35 |       6 |  14.6 |      15 |       6 |  28.6
        D:3 |      89 |       0 |   0.0 |      16 |       0 |   0.0
            +---------+---------+-------+---------+---------+-------
